 Dungeon Crawl Stone Soup version 0.17-a0-1701-gf693a3f (webtiles) character file.

1136 kae the Martial Artist (level 8, 0/59 HPs)
             Began as a Yellow Draconian Transmuter on Aug 21, 2015.
             Was a Follower of Qazlal.
             Slain by an orc warrior
             ... wielding a +0 trident
              (10 damage)
             ... on level 6 of the Dungeon.
             The game lasted 00:08:07 (6856 turns).

kae the Martial Artist (DrTm)                       Turns: 6856, Time: 00:08:07

Health: 0/59       AC:  6    Str: 12    XL:     8   Next: 14%
Magic:  11/11      EV: 12    Int: 14    God:    Qazlal [*.....]
Gold:   220        SH:  2    Dex: 14    Spells: 3 memorised, 5 levels left

rFire  . . .     SeeInvis .       - Unarmed
rCold  . . .     Clarity  .     (armour unavailable)
rNeg   . . .     SustAt   .     (no shield)
rPois  .         Gourm    .     (helmet restricted)
rElec  .         Spirit   .     (no cloak)
rCorr  +         Warding  .     (no gloves)
rMut   .         Stasis   .     (no boots)
MR     .....                    (no amulet)
Stlth  +.........               (no ring)
                                (no ring)

@: short of breath, not resistant to hostile enchantments, very unstealthy
A: spit acid, acid resistance, unfitting armour, cold-blooded, AC +6
a: Spit Acid, Renounce Religion


You were on level 6 of the Dungeon.
You worshipped Qazlal.
Qazlal was aware of your devotion.
You were not hungry.

You visited 1 branch of the dungeon, and saw 6 of its levels.

You collected 220 gold pieces.

Inventory:

Missiles
 a - 59 arrows
Magical devices
 x - a wand of frost (11)
Scrolls
 d - 2 scrolls of noise
 e - a scroll of magic mapping
 f - 9 scrolls of identify
 g - 5 scrolls of remove curse
 h - a scroll of recharging {unknown}
 m - a scroll of enchant weapon
Potions
 i - a potion of heal wounds
 j - a potion of invisibility {unknown}
 k - a potion of lignification {unknown}
 t - a potion of poison
 u - a potion of degeneration
 v - 4 potions of curing
Books
 b - a book of Changes

   Spells                             Type                      Level
   a - Beastly Appendage              Transmutation                1
   b - Sticks to Snakes               Transmutation                2
   c - Spider Form                    Transmutation/Poison         3
   d - Ice Form                       Ice/Transmutation            4
   e - Blade Hands                    Transmutation                5
Comestibles
 c - 5 bread rations
 l - a fruit
 n - 3 meat rations
 o - 3 beef jerkies
 q - 3 slices of pizza


   Skills:
 - Level 1.1 Fighting
 - Level 1.7 Dodging
 + Level 10.1 Unarmed Combat
 - Level 2.0 Spellcasting
 - Level 2.0 Transmutations


You had 5 spell levels left.
You knew the following spells:

 Your Spells              Type           Power        Failure   Level  Hunger
a - Beastly Appendage     Trmt           #.....       12%         1    ##.....
b - Sticks to Snakes      Trmt           #.........   17%         2    ###....
c - Spider Form           Trmt/Pois      #.........   47%         3    ####...


Dungeon Overview and Level Annotations

Branches:
Dungeon (6/15)             Temple (0/1) D:6

Altars:
Ashenzari
Fedhas
Okawaru
Qazlal
The Shining One

Annotations:
D:6 Menkaure


Innate Abilities, Weirdness & Mutations

You can spit globs of acid.
You are resistant to acid.
Your golden yellow scales are hard (AC +6).
Your body does not fit into most forms of armour.
You are cold-blooded and may be slowed by cold attacks.


Message History

You are too injured to fight recklessly!
You are too injured to fight recklessly!
You are too injured to fight recklessly!
You have got your breath back.
The orc warrior hits you from afar with a trident.
* * * LOW HITPOINT WARNING * * *
The orc warrior is no longer covered in acid.
Use which ability? (? or * to list)
Press: ? - help, Shift-Dir - straight line, f/p - orc warrior
Aim: an orc warrior, wielding a trident and wearing a plate armour (severely wounded)
You spit a glob of acid.
The acid hits the orc warrior.
The orc warrior appears unharmed.
The orc warrior is severely wounded.
You feel somewhat more hungry.
The orc warrior hits you from afar with a trident!
* * * LOW HITPOINT WARNING * * *
You hit the orc warrior.
The orc warrior is severely wounded.
The orc warrior hits you with a trident!
You die...

###........# #..#
>...+..
...######........#
#........#..
.........######..#
#........#..
......... #..#
#........#..
..ยง...... ##).#
#...)....#..
..####### #)).#
#........#..
..####### #.###
##########..
........# #.# ....
#######.# ###.###
####+


You could see an orc warrior.

Vanquished Creatures
  2 steam dragons
  An ice beast (D:6)
  2 ogres
  A black bear (D:6)
  2 scorpions (D:4)
  2 crimson imps
  2 iguanas
  An orc priest (D:6)
  2 orc wizards (D:5)
  Terence (D:2)
  3 gnolls (D:5)
  6 adders
  2 oozes
  An adder skeleton (D:4)
  2 worms
  3 giant geckos
  13 orcs
  6 bats
  5 giant cockroaches
  8 goblins
  6 hobgoblins
  6 jackals
  A quokka (D:5)
  A ball python (D:2)
  6 giant newts
  A jackal skeleton (D:5)
  A jackal zombie (D:5)
  11 kobolds
  A quokka skeleton (D:4)
  3 rats (D:1)
  A fungus (D:5)
103 creatures vanquished.

Vanquished Creatures (others)
  2 fungi (D:5)
2 creatures vanquished.

Grand Total: 105 creatures vanquished

Notes
Turn   | Place    | Note
--------------------------------------------------------------
     0 | D:1      | kae the Draconian Transmuter began the quest for the Orb.
     0 | D:1      | Reached XP level 1. HP: 16/16 MP: 3/3
   189 | D:1      | Reached XP level 2. HP: 7/23 MP: 5/5
   586 | D:1      | Reached skill level 4 in Unarmed Combat
   843 | D:2      | Reached XP level 3. HP: 19/28 MP: 6/6
  1133 | D:2      | Found a stormy altar of Qazlal.
  1187 | D:2      | Became a worshipper of Qazlal Stormbringer
  1533 | D:2      | Noticed Terence
  1607 | D:2      | Killed Terence
  1607 | D:2      | Reached skill level 5 in Unarmed Combat
  1607 | D:2      | Reached XP level 4. HP: 13/35 MP: 7/7
  2021 | D:2      | Found a glowing golden altar of the Shining One.
  2212 | D:3      | Found an iron altar of Okawaru.
  2656 | D:3      | You fall through a shaft!
  2730 | D:4      | Found a blossoming altar of Fedhas.
  2984 | D:4      | Reached XP level 5. HP: 21/40 MP: 6/8
  3216 | D:4      | Reached skill level 6 in Unarmed Combat
  4148 | D:5      | Entered Level 5 of the Dungeon
  4182 | D:4      | Reached XP level 6. HP: 47/47 MP: 9/9
  4207 | D:5      | Acquired Qazlal's first power
  4239 | D:5      | Noticed a steam dragon
  4243 | D:5      | Noticed a steam dragon
  4519 | D:4      | Learned a level 2 spell: Sticks to Snakes
  4523 | D:4      | Learned a level 3 spell: Spider Form
  4548 | D:4      | Killed a steam dragon
  4548 | D:4      | Reached skill level 7 in Unarmed Combat
  4573 | D:5      | Killed a steam dragon
  4573 | D:5      | Reached skill level 8 in Unarmed Combat
  4573 | D:5      | Your scales start taking on a golden yellow colour.
  4573 | D:5      | Reached XP level 7. HP: 19/52 MP: 10/10
  5379 | D:5      | Reached skill level 9 in Unarmed Combat
  5604 | D:6      | Noticed Menkaure
  5747 | D:6      | Found a shattered altar of Ashenzari.
  5904 | D:6      | HP: 2/52 [orc priest/whip of pain (3)]
  6147 | D:6      | Reached XP level 8. HP: 48/59 MP: 9/11
  6183 | D:6      | Found a staircase to the Ecumenical Temple.
  6323 | D:6      | Reached skill level 10 in Unarmed Combat
  6856 | D:6      | Slain by an orc warrior

Vault maps used:
D:1:      wheals_arrival_shading, st_stairs_6
D:2:      tso_altar, overflow_temple_1_default, first_bread, uniq_terence
D:3:      okawaru_ov_weapons_minmay, kennysheep_generic_room_12
D:4:      lemuel_crystal_altar, minmay_cupped
D:5:      kennysheep_steamy
D:6:      temple_doors_e, evilmike_ruin_ashenzari, uniq_menkaure

Action                   |  1- 3 |  4- 6 |  7- 9 || total
-------------------------+-------+-------+-------++-------
Melee: Unarmed           |   132 |   126 |   139 ||   397
 Cast: Beastly Appendage |     3 |    15 |     5 ||    23
 Abil: Spit Acid         |       |       |     7 ||     7
  Use: Potion            |     2 |     2 |       ||     4
       Scroll            |       |    14 |     1 ||    15
  Eat: Chunk             |     2 |     9 |     9 ||    20
       Fruit             |       |       |     1 ||     1
